 Dungeon Sprint DCSS version 0.30-a0-219-gf2db51d15e (webtiles) character file.

Game seed: 3492180295211705723

11 rocky1 the Insei (level 2, -1/27 HPs)
             Began as a Draconian Monk on Oct 8, 2022.
             Was an Elder of Cheibriados.
             Slain by a wolf (9 damage)
             ... in the Dungeon (Sprint VII: "The Pits").
             The game lasted 00:00:54 (294 turns).

rocky1 the Insei (Draconian Monk)                    Turns: 294, Time: 00:00:55

Health: -1/27      AC:  4    Str: 23    XL:     2   Next: 13%
Magic:  3/3        EV: 14    Int: 20    God:    Cheibriados [****..]
Gold:   0          SH:  0    Dex: 23    Spells: 3/3 levels left

rFire   . . .      SeeInvis .      - Unarmed
rCold   . . .      Faith    .    (no shield)
rNeg    . . .      Spirit   .    (body armour unavailable)
rPois   .          Reflect  .    (helmet restricted)
rElec   .          Harm     .    (no cloak)
rCorr   .          Rampage  .    (no gloves)
Will    .....      NoTele   +    (no boots)
Stlth   +++.......               (no amulet)
HPRegen 0.24/turn                (no ring)
MPRegen 0.08/turn                (no ring)

@: very slow
A: AC +4, unfitting armour, cold-blooded
a: Renounce Religion, Bend Time, Temporal Distortion, Slouch


You were in the Dungeon.
You worshipped Cheibriados.
Cheibriados was greatly pleased with you.
You visited 1 branch

Inventory:

Scrolls
 g - a scroll of blinking
 i - 5 scrolls of amnesia
 j - a scroll of summoning
Potions
 a - a potion of ambrosia
 b - 6 potions of curing
 c - 6 potions of heal wounds
 d - a potion of haste
 e - 4 potions of magic
 f - 3 potions of berserk rage
 h - 2 potions of invisibility


   Skills:
 + Level 3.7 Fighting
 + Level 3.1 Dodging
 + Level 2.4 Stealth
 * Level 3.9 Unarmed Combat
 + Level 1.3 Spellcasting
 + Level 0.4 Invocations


You had 3 spell levels left.
You didn't know any spells.
Your spell library was empty.

Dungeon Overview and Level Annotations

Branches:
Dungeon (1/1)

Altars:
Ashenzari
Cheibriados
Dithmenos
Elyvilon
Fedhas
Gozag
Hepliaklqana
Kikubaaqudgha
Makhleb
Nemelex Xobeh
Okawaru
Qazlal
Ru
Sif Muna
Trog
Uskayaw
Vehumet
Wu Jian
Xom
Yredelemnul
Zin
The Shining One
Jiyva
Lugonu


Innate Abilities, Weirdness & Mutations

Your plain brown scales are hard. (AC +4)
You cannot fit into any form of body armour.
You are cold-blooded and may be slowed by cold attacks.


Message History

The wolf misses you. x2
You hit the wolf but do no damage. The wolf closely misses you.
The wolf bites you but does no damage.
You hit the wolf.
The wolf is lightly wounded.
The wolf misses you.
You barely miss the wolf.
The wolf is lightly wounded.
The wolf bites you. The wolf closely misses you.
You closely miss the wolf.
The wolf is lightly wounded.
The wolf closely misses you.
The gnoll shouts!
You hit the wolf.
The wolf is lightly wounded.
The wolf bites you but does no damage. x2
You hit the wolf.
The wolf is moderately wounded.
The wolf closely misses you.
You hit the wolf.
The wolf is heavily wounded.
The wolf bites you. The wolf barely misses you.
You miss the wolf.
The wolf is heavily wounded.
The wolf bites you but does no damage. The wolf bites you.
You hit the wolf.
The wolf is heavily wounded.
The gnoll barely misses you.
A gnoll bouda comes into view. It is wielding a +0 club.
The wolf misses you.
You completely miss the wolf.
The wolf is heavily wounded.
The wolf bites you.
The gnoll hits you from afar with a +0 spear!
* * * LOW HITPOINT WARNING * * *
The wolf barely misses you.
You barely miss the wolf.
Your tail-slap misses the wolf.
The wolf is heavily wounded.
The wolf bites you!
You die...

#.?(.')))'.##.....
##########.##.....
#...........'.....
#'#####'#####.....
#.#..#..#).##.....
#.#..'..'..#####'#
#.##'####+###.....
#.#...†....##.....
#@#........##.....
#h#####'#####...<.
#g#...)))[.##.....
#g#...)))[.##.....
#g###########.....
#.. ###### #...
#...# #.##S


You could see a wolf, a gnoll bouda and 2 gnolls.

Vanquished Creatures
  An orc (D)
  An endoplasm (D)
  A giant cockroach (D)
  A hobgoblin (D)
  2 ball pythons (D)
  A ball python zombie (D)
  A frilled lizard (D)
  2 rats (D)
10 creatures vanquished.

Notes
Turn   | Place    | Note
-------+----------+-------------------------------------------
     0 | D        | rocky1 the Draconian Monk began the quest for the Orb.
     0 | D        | Reached XP level 1. HP: 19/19 MP: 1/1
    18 | D        | Found a bloodstained altar of Trog.
    18 | D        | Found a shimmering blue altar of Sif Muna.
    18 | D        | Found a viscous altar of Jiyva.
    18 | D        | Found a hazy altar of Hepliaklqana.
    18 | D        | Found an opulent altar of Gozag.
    19 | D        | Found a glowing golden altar of the Shining One.
    19 | D        | Found a glowing silver altar of Zin.
    19 | D        | Found a basalt altar of Yredelemnul.
    19 | D        | Found a shimmering altar of Xom.
    19 | D        | Found an ornate altar of the Wu Jian Council.
    19 | D        | Found a sacrificial altar of Ru.
    19 | D        | Found a stormy altar of Qazlal.
    19 | D        | Found an iron altar of Okawaru.
    19 | D        | Found a sparkling altar of Nemelex Xobeh.
    19 | D        | Found a burning altar of Makhleb.
    19 | D        | Found a blossoming altar of Fedhas.
    19 | D        | Found a white marble altar of Elyvilon.
    19 | D        | Found a shadowy altar of Dithmenos.
    19 | D        | Found a snail-covered altar of Cheibriados.
    22 | D        | Found a corrupted altar of Lugonu.
    22 | D        | Found a radiant altar of Vehumet.
    23 | D        | Found an ancient bone altar of Kikubaaqudgha.
    23 | D        | Found a hide-covered altar of Uskayaw.
    23 | D        | Found a broken altar of Ashenzari.
    30 | D        | Became a worshipper of Cheibriados the Contemplative
    30 | D        | Reached * piety under Cheibriados
    30 | D        | Reached ** piety under Cheibriados
    80 | D        | Reached skill level 1 in Spellcasting
   127 | D        | Reached *** piety under Cheibriados
   238 | D        | Reached **** piety under Cheibriados
   239 | D        | Reached XP level 2. HP: 26/27 MP: 3/3
   280 | D        | Noticed a wolf
   294 | D        | Slain by a wolf

Illustrated notes

Levels and vault maps discovered:
D:        pitsprint [storerooms_1, entrance_room_1, metal_vault_2, armoury_1,
          mini_pit_1, grid_room_1, main_hall_1, silver_pit, the_coven_2,
          the_vestibule_1, steel_vault_5, golden_pit, hallway_of_sentries,
          crystal_vault_3, iron_vault_1, final_vault]

Skill      XL: |  1 |
---------------+----+-----
Stealth        | 2 |  2.4
Dodging        | 3 |  3.1
Spellcasting   | 1 |  1.3
Fighting       | |  3.7
Unarmed Combat | |  3.9
Invocations    | |  0.4

Action                   || total
-------------------------++-------
Melee: Unarmed           ||    34
       Tailslap          ||     8
 Stab: Sleeping          ||     1
Armor: Skin              ||    10
Dodge: Dodged            ||    30

Table legend: (Time is in decaauts)
 A = Elapsed time spent in this place.
 B = Non-inter-level travel time spent in this place.
 C = Inter-level travel time spent in this place.
 D = Time resting spent in this place.
 E = Time spent auto-exploring this place.
 F = Levels seen in this place.
 G = Mean time per level.
                   A        B        C        D        E       F      G
               +--------+--------+--------+--------+--------+-----+--------+
         Total |    338 |    312 |     26 |    141 |      0 |   1 |  338.0 |
       Dungeon |    338 |    312 |     26 |    141 |      0 |   1 |  338.0 |
               +--------+--------+--------+--------+--------+-----+--------+

Top non-repeatable levels by time:
       D: 338 daAuts
